 Dungeon Crawl Stone Soup version 0.27.1-4-g1640c2035a (webtiles) character file.

Game seed: 17250392020495565209

35 MisterFreud the Skirmisher (level 3, -5/52 HPs)
             Began as a Gnoll Wanderer on Nov 10, 2021.
             Slain by Terence (7 damage)
             ... on level 2 of the Dungeon.
             The game lasted 00:01:34 (1075 turns).

MisterFreud the Skirmisher (Gnoll Wanderer)         Turns: 1075, Time: 00:01:34

Health: -5/52      AC: 21    Str: 11    XL:     3   Next: 35%
Magic:  4/4        EV:  2    Int: 10    God:
Gold:   24         SH:  0    Dex: 13    Spells: 3/3 levels left

rFire    . . .     SeeInvis .   a - +2 spear
rCold    . . .     Faith    .   (no shield)
rNeg     + + +     Spirit   .   (armour currently unavailable)
rPois    +         Reflect  .   (helmet currently unavailable)
rElec    .         Harm     .   (cloak currently unavailable)
rCorr    .         Rampage  .   (gloves currently unavailable)
Will     .....     NoTele   +   (boots currently unavailable)
Stlth    +++.......             (no amulet)
HPRegen  0.17/turn              (no ring)
MPRegen  0.09/turn              (no ring)

@: tree-form
A: stationary, stasis, torment immunity, boosted hp, (fangs 1), strong nose,
distributed training
a: no special abilities


You were on level 2 of the Dungeon.
You were a tree.
You visited 1 branch of the dungeon, and saw 2 of its levels.

You collected 24 gold pieces.

Inventory:

Hand Weapons
 a - a +2 spear (weapon)
 d - a +0 dagger
Armour
 c - a +0 robe (melded)
Scrolls
 e - a scroll of identify {unknown}
 g - a scroll of torment {unknown}
Potions
 b - 3 potions of curing


   Skills:
 + Level 6.5 Fighting
 + Level 0.7 Short Blades
 + Level 0.7 Long Blades
 + Level 0.7 Axes
 + Level 0.7 Maces & Flails
 + Level 0.7 Polearms
 + Level 0.7 Staves
 + Level 0.7 Slings
 + Level 0.7 Bows
 + Level 0.7 Crossbows
 + Level 0.7 Throwing
 + Level 0.7 Armour
 + Level 4.5 Dodging
 + Level 6.0 Stealth
 + Level 0.7 Shields
 + Level 0.7 Unarmed Combat
 + Level 0.7 Spellcasting
 + Level 0.5 Conjurations
 + Level 0.5 Hexes
 + Level 0.5 Summonings
 + Level 0.5 Necromancy
 + Level 0.5 Translocations
 + Level 0.5 Transmutations
 + Level 0.5 Fire Magic
 + Level 0.5 Ice Magic
 + Level 0.5 Air Magic
 + Level 0.5 Earth Magic
 + Level 0.5 Poison Magic
 + Level 0.9 Invocations
 + Level 4.5 Evocations


You had 3 spell levels left.
You didn't know any spells.
Your spell library was empty.

Dungeon Overview and Level Annotations

Branches:
Dungeon (2/15)

Altars:

Annotations:
D:2 Terence


Innate Abilities, Weirdness & Mutations

You are a tree.
Your roots penetrate the ground, keeping you stationary.
You cannot be teleported.
You are immune to unholy pain and torment.
Your maximum health is greatly increased.
Your equipment is partially melded.
((You have very sharp teeth.))
Your uncanny sense of smell can sniff out nearby items.
Your experience applies equally to all skills.


Message History

You hit Terence.
Terence is moderately wounded.
Terence hits you with a +2 flail of protection!
You barely miss Terence.
Terence is moderately wounded.
The dart slug launches a dart at you. The slug dart misses you.
Terence hits you with a +2 flail of protection!
Terence closely misses you.
It was a potion of lignification.
You turn into a tree.
Your +0 robe melds into your body.
Your roots penetrate the ground.
Terence barely misses you.
You barely miss Terence.
Terence is moderately wounded.
Terence screams, "I'm going to kill you!"
Terence hits you with a +2 flail of protection.
* * * LOW HITPOINT WARNING * * *
You hit Terence but do no damage.
Terence is moderately wounded.
Terence looks scornfully at you.
Terence hits you with a +2 flail of protection.
* * * LOW HITPOINT WARNING * * *
Unknown command.
You hit Terence but do no damage.
Terence is moderately wounded.
Terence shouts, "Now you die!" Terence hits you but does no damage.
You hit Terence but do no damage.
Terence is moderately wounded.
Terence asks, "Do you want it fast or slow?"
Terence hits you with a +2 flail of protection.
* * * LOW HITPOINT WARNING * * *
You hit Terence but do no damage.
Terence is moderately wounded.
Terence hits you with a +2 flail of protection.
* * * LOW HITPOINT WARNING * * *
You closely miss Terence.
Terence is moderately wounded.
Terence hits you with a +2 flail of protection!
You die...

##.##.....#
#...#.###.####
#.#.†.##.....####
#...............#
#.....#..+#..##.#
#.#.#...#.......#
#.#.#....#......#
#.#.#............#
....#♣##....#...#
#.#.###@._.......#
#....#.##..#.#...#
.. #)....##.....#
#..............#
#.....#.#$###..#..#
..#.w.#.##.# .$..
#........ ... .
##....... ..#.


You could see Terence.

Vanquished Creatures
  2 endoplasms (D:1)
  5 goblins (D:1)
  2 hobgoblins (D:1)
  4 jackals (D:1)
  3 kobolds
  2 quokkas
  5 ball pythons (D:1)
  5 bats (D:1)
  A frilled lizard (D:1)
  A rat (D:1)
30 creatures vanquished.

Notes
Turn   | Place    | Note
-------+----------+-------------------------------------------
     0 | D:1      | MisterFreud the Gnoll Wanderer began the quest for the Orb.
     0 | D:1      | MisterFreud set off with the following items: a +2 spear, 2
                  | potions of curing, a +0 robe, a +0 dagger
     0 | D:1      | Reached XP level 1. HP: 23/23 MP: 1/1
    69 | D:1      | Reached XP level 2. HP: 20/29 MP: 2/2
   628 | D:1      | Reached XP level 3. HP: 32/35 MP: 3/3
  1047 | D:2      | Found a faded altar of an unknown god.
  1061 | D:2      | Noticed Terence
  1074 | D:2      | HP: 2/52 [Terence (6)]
  1075 | D:2      | Slain by Terence

Illustrated notes

Levels and vault maps discovered:
D:1:      grunt_arrival_crossed_arrows, layout_basic, st_stairs_14
D:2:      layout_loops_ring, serial_shops, nicolae_shop_overgrown_old_shop,
          hellmonk_ecumenical_altar_blasted, uniq_terence, uniq_sigmund

Skill      XL: |  1  2  3 |
---------------+----------+-----
Stealth        | 6 |  6.0
Fighting       | |  6.5
Short Blades   | |  0.7
Long Blades    | |  0.7
Axes           | |  0.7
Maces & Flails | |  0.7
Polearms       | |  0.7
Staves         | |  0.7
Slings         | |  0.7
Bows           | |  0.7
Crossbows      | |  0.7
Throwing       | |  0.7
Armour         | |  0.7
Dodging        | |  4.5
Shields        | |  0.7
Unarmed Combat | |  0.7
Spellcasting   | |  0.7
Conjurations   | |  0.5
Hexes          | |  0.5
Summonings     | |  0.5
Necromancy     | |  0.5
Translocations | |  0.5
Transmutations | |  0.5
Fire Magic     | |  0.5
Ice Magic      | |  0.5
Air Magic      | |  0.5
Earth Magic    | |  0.5
Poison Magic   | |  0.5
Invocations    | |  0.9
Evocations     | |  4.5

Action                   || total
-------------------------++-------
Melee: Spear             ||    99
       Bite              ||     5
  Use: Potion            ||     1
 Stab: Sleeping          ||     7
Armor: Robe              ||    21
       Skin              ||     1
Dodge: Dodged            ||    67
